 Dungeon Crawl Stone Soup version 0.27.1-3-gb3d3a73c9e (webtiles) character file.

Game seed: 17239038657824415369

988 loralnil the Gusty (level 7, -3/50 HPs)
             Began as a Yellow Draconian Air Elementalist on Oct 8, 2021.
             Slain by a yak (6 damage)
             ... on level 4 of the Dungeon.
             The game lasted 00:09:22 (4907 turns).

loralnil the Gusty (DrAE)                           Turns: 4907, Time: 00:09:23

Health: -3/50      AC:  7    Str: 10    XL:     7   Next: 97%
Magic:  0/14       EV: 12    Int: 17    God:
Gold:   192        SH:  0    Dex: 12    Spells: 6/16 levels left

rFire    . . .     SeeInvis .   f - +2 whip (flame)
rCold    . . .     Faith    .   (no shield)
rNeg     . . .     Spirit   .   (armour unavailable)
rPois    .         Reflect  .   (helmet restricted)
rElec    .         Harm     .   (no cloak)
rCorr    +         Rampage  .   c - +0 pair of gloves
Will     .....                  (no boots)
Stlth    ++........             (no amulet)
HPRegen  0.16/turn              g - ring of resist corrosion
MPRegen  0.14/turn              (no ring)

@: no status effects
A: spit acid, AC +6, unfitting armour, cold-blooded, acid resistance
a: Breathe Acid


You were on level 4 of the Dungeon.
You visited 1 branch of the dungeon, and saw 4 of its levels.

You collected 192 gold pieces.

Inventory:

Hand Weapons
 f - a +2 whip of flaming (weapon)
Armour
 c - a +0 pair of gloves (worn)
Jewellery
 g - a ring of resist corrosion (left hand)
Wands
 i - a wand of mindburst (13)
 j - a wand of flame (20)
Scrolls
 b - 6 scrolls of teleportation
 d - a scroll of noise {unknown}
 e - a scroll of identify {unknown}
 l - a scroll of acquirement {unknown}
Potions
 a - 2 potions of curing {unknown}
 h - a potion of invisibility {unknown}
 k - a potion of heal wounds {unknown}


   Skills:
 - Level 2.0 Dodging
 - Level 2.0 Stealth
 + Level 5.1 Spellcasting
 + Level 5.2 Conjurations
 + Level 6.0 Air Magic


You had 6 spell levels left.
You knew the following spells:

 Your Spells              Type           Power      Damage    Failure   Level
a - Shock                 Conj/Air       92%        1d8       1%          1
b - Static Discharge      Conj/Air       23%        N/A       1%          2
c - Swiftness             Air            24%        N/A       3%          3
d - Airstrike             Air            12%        N/A       12%         4

Your spell library contained the following spells:

 Spells                   Type           Power      Damage    Failure   Level
 Poisonous Vapours        Pois/Air       28%        N/A       6%          2
 Sting                    Tmut/Pois      16%        1d3       14%         1
 Olgreb's Toxic Radiance  Pois           4%         N/A       80%         4


Dungeon Overview and Level Annotations

Branches:
Dungeon (4/15)
 Temple: D:4-7

Altars:
Fedhas
Wu Jian
Xom

Shops:
D:3 (


Innate Abilities, Weirdness & Mutations

You can spit globs of acid.
Your golden yellow scales are hard. (AC +6)
You cannot fit into any form of body armour.
You are cold-blooded and may be slowed by cold attacks.
You are resistant to acid. (rCorr)


Message History

Casting: Static Discharge (safe; 1% risk of failure)
Confirm with . or Enter, or press ? or * to list all spells.
The yak is struck by an arc of lightning.
The yak is heavily wounded.
The yak is struck by an arc of lightning.
The yak is heavily wounded.
The lightning grounds out.
The yak barely misses you.
You hit the yak but do no damage.
The yak is heavily wounded.
The yak gores you!
* * * LOW HITPOINT WARNING * * *
You hit the yak. You burn the yak.
The yak is heavily wounded.
The yak gores you.
* * * LOW HITPOINT WARNING * * *
You barely miss the yak.
You tail-slap the yak, but do no damage.
The yak is heavily wounded.
The yak gores you but does no damage.
You hit the yak. You burn the yak.
The yak is severely wounded.
The yak barely misses you. The yak gores you!
* * * LOW HITPOINT WARNING * * *
Casting: Static Discharge (safe; 1% risk of failure)
Confirm with . or Enter, or press ? or * to list all spells.
You don't have enough magic to cast this spell.
Casting: Static Discharge (safe; 1% risk of failure)
Confirm with . or Enter, or press ? or * to list all spells.
Aiming: Shock (safe; 1% risk of failure)
Press: ? - help, Shift-Dir - straight line The zap hits the yak.
The yak is severely wounded.
The zap hits the yak.
The yak is heavily wounded.
The zap hits the yak.
The yak is heavily wounded.
The zap hits the yak!
The yak is almost dead.
The yak gores you.
You die...

#..####### ##.).....#
##......# ##)....#
#.....# ## #.....######
##8## #.†........#
##...######Y..##.###.#
#8...8##.@YY.##...##.#
##.....##.###.#..≈..#)#
#8.._.....# #...≈≈≈...#
##.....#### ###..≈..#.#
.... #8...8# ##...##.#
...## ##...## ##.##..#
...# ##8## #....## #...
## ###### ##.#.##


You could see 3 yaks.

Vanquished Creatures
  2 yaks (D:4)
  An orc warrior (D:4)
  An ogre (D:4)
  A water moccasin skeleton (D:4)
  A centaur zombie (D:4)
  2 hounds (D:4)
  A centaur skeleton (D:4)
  A bullfrog skeleton (D:2)
  2 orc priests
  Jessica (D:3)
  Ijyb (D:3)
  3 iguanas
  2 orc wizards (D:3)
  2 adders (D:2)
  3 worms
  9 orcs
  5 ball pythons
  6 endoplasms
  A giant cockroach (D:3)
  3 goblins
  4 hobgoblins
  7 jackals
  2 quokkas
  6 bats
  3 frilled lizards
  6 kobolds
  2 rats
78 creatures vanquished.

Notes
Turn   | Place    | Note
-------+----------+-------------------------------------------
     0 | D:1      | loralnil the Draconian Air Elementalist began the quest for
                  | the Orb.
     0 | D:1      | Reached XP level 1. HP: 14/14 MP: 3/3
    36 | D:1      | Found a faded altar of an unknown god.
   316 | D:1      | Reached XP level 2. HP: 19/20 MP: 0/5
   407 | D:1      | Learned a level 2 spell: Static Discharge
  1163 | D:2      | Reached XP level 3. HP: 20/26 MP: 1/6
  1167 | D:2      | Learned a level 3 spell: Swiftness
  1410 | D:2      | Reached XP level 4. HP: 32/33 MP: 3/8
  2267 | D:3      | Noticed Ijyb
  2276 | D:3      | Killed Ijyb
  2277 | D:3      | Reached skill level 4 in Air Magic
  2277 | D:3      | Reached XP level 5. HP: 38/38 MP: 3/9
  2368 | D:3      | Found a blossoming altar of Fedhas.
  2831 | D:3      | Found a shimmering altar of Xom.
  2856 | D:3      | Noticed Jessica
  2860 | D:3      | Killed Jessica
  3218 | D:3      | Found Oxuihe Hotho's Weapon Boutique.
  3480 | D:4      | Reached XP level 6. HP: 43/45 MP: 5/11
  3535 | D:4      | Learned a level 4 spell: Airstrike
  4084 | D:4      | Reached skill level 5 in Air Magic
  4256 | D:4      | Your scales start taking on a golden yellow colour.
  4256 | D:4      | Reached XP level 7. HP: 49/50 MP: 4/13
  4256 | D:4      | Gained mutation: You are resistant to acid. (rCorr) [Yellow
                  | Draconian growth]
  4301 | D:4      | Noticed a yak
  4362 | D:4      | Noticed a yak
  4366 | D:4      | Noticed a yak
  4386 | D:4      | HP: 2/50 [yak (12)]
  4388 | D:4      | Found an ornate altar of the Wu Jian Council.
  4392 | D:4      | Killed a yak
  4835 | D:4      | Noticed a yak
  4883 | D:4      | Noticed a yak
  4897 | D:4      | Killed a yak
  4898 | D:4      | Reached skill level 5 in Spellcasting
  4898 | D:4      | Reached skill level 5 in Conjurations
  4898 | D:4      | Reached skill level 6 in Air Magic
  4907 | D:4      | Slain by a yak

Illustrated notes

Levels and vault maps discovered:
D:1:      zelgadis_glass_arrival_small, layout_basic, basic_ecumenical_altar
D:2:      layout_loops_ring
D:3:      layout_loops_ring, mainiacjoe_overflow_small_starburst,
          lemuel_doored_altar, serial_shops, shop_statue, hangedman_decor_push,
          uniq_ijyb, uniq_jessica
D:4:      layout_rooms, nzn_wu_jian_council_hall, minmay_misc_feat_nine_boxes,
          amcnicky_mini_pool_small

Skill      XL: |  1  2  3  4  5  6  7 |
---------------+----------------------+-----
Stealth        | 2 |  2.0
Dodging        | 2 |  2.0
Conjurations   | 2 3 4 5 |  5.2
Spellcasting   | 3 4 5 |  5.1
Air Magic      | 4 5 6 |  6.0

Action                   |  1- 3 |  4- 6 |  7- 9 || total
-------------------------+-------+-------+-------++-------
Melee: Unarmed           |    20 |       |       ||    20
       Tailslap          |     4 |     3 |     5 ||    12
       Hand axe          |     5 |       |       ||     5
       Whip              |       |    19 |    27 ||    46
 Cast: Shock             |    38 |    91 |    35 ||   164
       Static Discharge  |     4 |    19 |    11 ||    34
       Airstrike         |       |     3 |       ||     3
  Use: Scroll            |       |     1 |       ||     1
Armor: Skin              |     8 |    14 |     8 ||    30
Dodge: Dodged            |    24 |    19 |    23 ||    66
